 Dungeon Crawl Stone Soup version 0.31.0-11-ge490571c62 (webtiles) character file.

Game seed: 2559280155013204357

225 ezpacito the Chopper (level 5, -1/61 HPs)
             Began as a Demonspawn Berserker on Jan 30, 2024.
             Was a Believer of Trog.
             Slain by a kobold brigand
             ... wielding a +0 short sword
              (4 damage)
             ... in a sewer.
             The game lasted 00:04:47 (3126 turns).

ezpacito the Chopper (Demonspawn Berserker)         Turns: 3126, Time: 00:04:47

Health: -1/61      AC: 11    Str: 17    XL:     5   Next: 68%
Magic:  14/14      EV:  5    Int:  7    God:    Trog [**....]
Gold:   133        SH:  4    Dex: 15    Spells: 4/4 levels left

rFire   + . .        g - +0 war axe
rCold   + . .        (no shield)
rNeg    . . .        q - +0 plate armour
rPois   +            (no helmet)
rElec   .            h - scarf {rC+ rF+}
rCorr   .            (no gloves)
SInv    .            (no boots)
Will    .....        (no amulet) Stlth
                     d - ring of magical power
HPRegen 0.30/turn    p - ring of poison resistance
MPRegen 0.14/turn

%: no passive effects
@: brilliant, berserking, invisible, very quick
A: claws 1, condensation shield
a: Renounce Religion, Berserk, Trog's Hand


You were in a sewer.
You worshipped Trog.
Trog was pleased with you.
You visited 1 branch of the dungeon, and saw 4 of its levels.
You also visited: Sewer.

You collected 133 gold pieces.

Inventory:

Hand Weapons
 a - a +0 arbalest
 g - a +0 war axe (weapon)
 k - a +0 falchion
 l - a +0 rapier
 r - a +4 quarterstaff of chaos
Missiles
 m - 34 stones (quivered)
 n - 4 poisoned darts
 t - 3 boomerangs
Armour
 b - a +0 chain mail
 h - a scarf of resistance (worn)
 i - the +2 leather armour of Xom, Singing {Int+3}
   (You found it on level 4 of the Dungeon)

   Int+3:     It affects your intelligence (+3).
 q - a +0 plate armour (worn)
 s - a +0 cloak of willpower
Jewellery
 d - a ring of magical power (left claw)
 p - a ring of poison resistance (right claw)
 u - a ring of magical power
Talismans
 e - a flux talisman
Scrolls
 f - a scroll of blinking
Potions
 c - a potion of brilliance


   Skills:
 * Level 3.6 Fighting
 * Level 3.8 Axes
 * Level 0.3 Ranged Weapons
 * Level 2.8 Armour
 + Level 1.9 Dodging
 * Level 1.6 Stealth
 + Level 0.2 Shields
 * Level 1.6 Unarmed Combat
 * Level 0.8 Shapeshifting


You had 4 spell levels left.
You didn't know any spells.
Your spell library was empty.

Dungeon Overview and Level Annotations

Branches:
Dungeon (4/15)              Sewer (1/1)
 Temple: D:4-7

Altars:
Nemelex Xobeh
Sif Muna

Shops:
D:1 :


Innate Abilities, Weirdness & Mutations

You have sharp fingernails.
A meltable shield of frost defends you. (SH +4)


Message History

The kobold brigand hits you but does no damage.
The kobold brigand barely misses you.
Unknown command.
You feel sick. The kobold attacks as it pursues you!
The kobold splashes around in the water.
The kobold brigand hits you with a +0 short sword.
The kobold brigand barely misses you.
The kobold brigand hits you with a +0 short sword.
Unknown command.
Unknown command.
You closely miss the kobold brigand.
The kobold brigand is moderately wounded.
You hit the kobold. x2
You kill the kobold!
Trog accepts your kill.
You hear a splash. x2
You miss the kobold brigand.
You feel sick.
The kobold brigand hits you but does no damage.
You block the kobold's attack.
The kobold brigand hits you but does no damage.
The kobold brigand hits you with a +0 short sword.
The kobold splashes around in the water.
It was a potion of brilliance.
You feel clever all of a sudden.
You feel sick.
The kobold brigand hits you with a +0 short sword. x2
* * * LOW HITPOINT WARNING * * *
The kobold splashes around in the water.
It was a potion of invisibility.
You fade into invisibility!
You feel sick.
You are no longer poisoned.
You block the kobold brigand's attack.
The kobold brigand hits you with a +0 short sword.
* * * LOW HITPOINT WARNING * * *
The kobold barely misses you.
A red film seems to cover your vision as you go berserk!
You feel yourself moving faster!
You feel mighty!
The kobold brigand hits you with a +0 short sword.
You die...

################~~~≈~~.#
~~~~~~~~~~~~~~~~~~~≈~.~#
################.~~≈~.~#
#~~~≈~..# #.~~≈~~.#
#~~≈≈≈~~# #~~≈≈≈~.#
#~K≈≈≈~.# #@KK~~~.#
#K))....# ####.#### ...
....# ...## .##


You could see 2 kobold brigands and 2 kobolds.

Vanquished Creatures
  A scorpion (D:3)
  Crazy Yiuf (D:2)
  3 adders
  A shadow imp (D:3)
  4 dart slugs
  4 ribbon worms
  9 orcs (D:3)
  5 bats (D:3)
  5 endoplasms
  2 giant cockroaches
  6 goblins
  7 hobgoblins
  4 jackals (D:2)
  10 kobolds
  2 quokkas
  6 ball pythons
  A frilled lizard (D:1)
  7 rats
78 creatures vanquished.

Notes
Turn   | Place    | Note
-------+----------+-------------------------------------------
     0 | D:1      | ezpacito the Demonspawn Berserker began the quest for the
                  | Orb.
     0 | D:1      | Reached XP level 1. HP: 18/18 MP: 1/1
   250 | D:1      | Gained mutation: A meltable shield of frost defends you.
                  | (SH +4) [demonic ancestry]
   250 | D:1      | Reached XP level 2. HP: 24/24 MP: 2/2
   269 | D:1      | Found Zukonoal's Book Boutique.
   306 | D:1      | Found a faded altar of an unknown god.
   370 | D:1      | You fall into a shaft and drop 1 floor!
   395 | D:2      | Found a sparkling altar of Nemelex Xobeh.
   646 | D:1      | Reached skill level 1 in Stealth
   646 | D:1      | Gained mutation: You have sharp fingernails. [demonic
                  | ancestry]
   646 | D:1      | Reached XP level 3. HP: 29/29 MP: 3/3
  1096 | D:2      | Reached ** piety under Trog
  1523 | D:2      | Reached skill level 1 in Unarmed Combat
  1600 | D:2      | Found a runed translucent door.
  1601 | D:2      | Noticed Crazy Yiuf
  1676 | D:2      | Reached XP level 4. HP: 29/35 MP: 4/4
  1910 | D:2      | Killed Crazy Yiuf
  2219 | D:3      | Noticed a scorpion
  2227 | D:3      | Killed a scorpion
  2228 | D:3      | Reached XP level 5. HP: 27/41 MP: 5/5
  2644 | D:3      | Found a shimmering blue altar of Sif Muna.
  3003 | D:4      | Found a glowing drain.
  3027 | D:4      | Identified the +2 leather armour of Xom, Singing {Int+3}
  3051 | Sewer    | Entered a sewer
  3125 | Sewer    | HP: 2/41 [kobold brigand/+0 short sword (6)]
  3126 | Sewer    | Slain by a kobold brigand

Illustrated notes

Levels and vault maps discovered:
D:1:      psy_arrival_whirlpool, layout_loops_ring,
          ebering_ecumenical_altar_mist, serial_glass, glass_columns_b,
          glass_columns_b, serial_shops, shop, reono_crystal_passage,
          minmay_pentomino_o4
D:2:      layout_loops_corners, basic_altar, uniq_crazy_yiuf_cottage
D:3:      layout_basic, mainiacjoe_overflow_chevrons,
          mainiacjoe_overflow_tiny_flanked
D:4:      layout_cave_pools, fiery_altar_vehumet, dk_yredelemnul_ordeal,
          minmay_temple_entry_tees, cheibrodos_sewer_entry_sluice, uniq_grinder
Sewer:    sewer_kobolds

Skill      XL: |  1  2  3 |
---------------+----------+-----
Axes           | 3 |  3.8
Stealth        | 1 |  1.6
Armour         | 2 |  2.8
Unarmed Combat | 1 |  1.6
Fighting       | |  3.6
Ranged Weapons | |  0.3
Dodging        | |  1.9
Shields        | |  0.2
Shapeshifting  | |  0.8

Action                     |  1- 3 |  4- 6 || total
---------------------------+-------+-------++-------
  Melee: Hand axe          |   132 |    13 ||   145
         War axe           |       |    89 ||    89
         Punch             |       |     1 ||     1
   Fire: Arbalest          |       |     2 ||     2
 Invoke: Berserk           |     1 |     3 ||     4
    Use: Scroll            |       |     6 ||     6
         Potion            |       |     2 ||     2
 Armour: Animal skin       |    11 |       ||    11
         Chain mail        |    79 |     6 ||    85
         Plate armour      |       |   107 ||   107
  Dodge: Dodged            |    46 |    35 ||    81
  Block: Other             |    21 |    17 ||    38
